 Dungeon Crawl Stone Soup version 0.19-a0-1895-g783e625 (webtiles) character file.

55218 Gerad the Nimble (level 14, 0/92 HPs)
             Began as a Tengu Air Elementalist on Oct 17, 2016.
             Was an Elder of Ashenzari.
             Killed by divine providence
             ... invoked by a meliai
              (14 damage)
             ... on level 6 of the Lair of Beasts on Oct 18, 2016.
             The game lasted 01:56:43 (30836 turns).

Gerad the Nimble (Tengu Air Elementalist)          Turns: 30836, Time: 01:56:43

Health: 0/92       AC: 18    Str:  8    XL:     14   Next: 76%
Magic:  2/22       EV: 22    Int: 25    God:    Ashenzari [****..]
Gold:   1163       SH:  0    Dex: 17    Spells: 9 memorised, 3 levels left

rFire  . . .     SeeInvis +     a - +1 falchion (curse)
rCold  . . .     Gourm    .     u - +5 swamp dragon scales
rNeg   . . .     Faith    .     (no shield)
rPois  +         Spirit   .     (helmet restricted)
rElec  .         Reflect  .     G - +2 cloak
rCorr  .         Harm     .     A - +0 pair of gloves (curse)
MR     +....     Clarity  +     (boots unavailable)
Stlth  ++........               (no amulet)
                                D - ring of stealth
                                g - +6 ring of intelligence (curse)

@: lethally poisoned (0 -> -2), flying quickly and evasively, repel missiles,
quick
A: beak, talons 3, able to fly 2
a: Stop Flying, Curse Item, Scrying, Renounce Religion


You were on level 6 of the Lair of Beasts.
You worshipped Ashenzari.
Ashenzari was greatly pleased with you.
You were not hungry.

You visited 4 branches of the dungeon, and saw 21 of its levels.

You collected 1220 gold pieces.
You spent 57 gold pieces at shops.

Inventory:

Hand Weapons
 a - a cursed +1 falchion (weapon)
 y - a +4 great sword
Armour
 u - +5 swamp dragon scales (worn)
 A - a cursed +0 pair of gloves (worn)
 G - a +2 cloak (worn)
Jewellery
 g - a cursed +6 ring of intelligence (left hand)
 o - an uncursed ring of ice
 D - a ring of stealth (right hand)
Wands
 t - a wand of iceblast (1/15)
 z - a wand of digging (7/24)
Scrolls
 d - 2 scrolls of recharging
 j - 7 scrolls of teleportation
 k - 3 scrolls of identify
 E - 2 scrolls of magic mapping
 J - 3 scrolls of blinking
Potions
 e - 2 potions of resistance
 f - 2 potions of ambrosia
 i - a potion of magic
 m - 4 potions of curing
 n - 5 potions of might
 q - 2 potions of agility
 C - 4 potions of heal wounds
Books
 c - a book of Debilitation

   Spells                             Type                      Level
   a - Corona                         Hexes                        1
   b - Slow                           Hexes                        2
   c - Gell's Gravitas                Hexes/Translocation          3
   d - Inner Flame                    Hexes/Fire                   3
   e - Cause Fear                     Hexes                        4
   f - Leda's Liquefaction            Hexes/Earth                  4
Comestibles
 b - 4 chunks of flesh
 l - 10 royal jellies
 w - 8 meat rations


   Skills:
 + Level 12.9 Fighting
 - Level 11.4(14.6) Long Blades
 + Level 5.0 Armour
 + Level 14.5 Dodging
 - Level 2.0 Stealth
 - Level 5.0 Spellcasting
 - Level 12.0 Conjurations
 - Level 2.2 Translocations
 - Level 10.0 Air Magic


You had 3 spell levels left.
You knew the following spells:

 Your Spells              Type           Power        Failure   Level  Hunger
a - Shock                 Conj/Air       ####         1%          1    None
b - Swiftness             Chrm/Air       ####....     6%          2    None
c - Repel Missiles        Chrm/Air       ####..       6%          2    None
d - Static Discharge      Conj/Air       ######..     1%          3    ##.....
e - Lightning Bolt        Conj/Air       ######....   10%         5    #####..
f - Blink                 Tloc           N/A          14%         2    None
g - Apportation           Tloc           ###.......   10%         1    None
h - Summon Butterflies    Summ           #.......     24%         1    None
i - Conjure Flame         Conj/Fire      #####...     8%          3    ##.....


Dungeon Overview and Level Annotations

Branches:
Dungeon (12/15)            Temple (1/1) D:4            Lair (6/6) D:8
 Shoals (0/4) Lair:3        Snake (0/4) Lair:3          Orc (2/2) D:10
  Slime: Lair:5-6       Elf: Orc:2

Altars:
Ashenzari
Cheibriados
Dithmenos
Elyvilon
Fedhas
Gozag
Hepliaklqana
Kikubaaqudgha
Makhleb
Nemelex Xobeh
Okawaru
Qazlal
Ru
Sif Muna
Trog
Uskayaw
Vehumet
Xom
Yredelemnul
Zin
The Shining One

Shops:
D:5 (   D:11 ([   D:12 *

Annotations:
D:5 exclusion: statue
D:7 Joseph
D:12 Kirke
Lair:4 Rupert


Innate Abilities, Weirdness & Mutations

You have a beak for a mouth.
You have claws for feet.
You can fly continuously.


Message History

The lightning arcs!
The killer bee is struck by lightning.
The killer bee is heavily wounded.
The lightning grounds out.
The killer bee is struck by lightning.
You kill the killer bee!
The lightning arcs!
You are struck by lightning.
The lightning arcs!
The fungus is struck by lightning.
The fungus is almost destroyed.
The lightning grounds out.
The killer bee completely misses you. x2
You riposte.
You hit the killer bee. You peck the killer bee.
The killer bee is severely wounded.
The meliai hits you with a hand axe! The meliai completely misses you.
You feel sick.
The meliai invokes the aid of its god against you.
Something smites you!
* * * LOW HITPOINT WARNING * * *
The killer bee closely misses you. The killer bee barely misses you.
You riposte.
You barely miss the killer bee.
The meliai invokes the aid of its god against you.
Something smites you!
You die...

,,,
.....#.%.%%.%#..........#.
,,,
...,#%.%.%.%#...........#
* ,,,
#y.yy...#...........# ,
,,,,,
,#yyy{{%%#...........# **
, * *
#)y{{yy%#........#### * *,
*** *##y#######........#
*,,,***
##.yP....###.....### * * *
..#P.yy....##.....#.# , ,
#......y@......#.#..## *
#..........<..########
*#.............# , ,
,#.......!....## ,, ,
*.#......PP...# , *
*###.##P...#.# * #.
######## #** * **


You could see 2 meliai and 7 killer bees.

Vanquished Creatures
  7 hydras
  2 death yaks (Lair:5)
  Sonja (D:11)
  2 unseen horrors
  3 swamp dragons (Lair:4)
  3 hill giants
  A harpy (Lair:6)
  An ugly thing (D:8)
  A manticore (Lair:6)
  A cyclops (D:12)
  A black mamba (Lair:5)
  2 elephants (Lair:6)
  A gargoyle (D:12)
  13 spiny frogs
  A rime drake (Lair:2)
  12 komodo dragons
  A queen bee (Lair:6)
  10 polar bears
  4 merfolk
  A troll (Orc:1)
  A meliai (Lair:6)
  A wind drake (Lair:3)
  2 two-headed ogres (D:12)
  12 blink frogs
  A slime creature (Lair:4)
  7 hippogriffs
  A meliai zombie (D:12)
  The ghost of domi the Conjurer, an amateur TeFE (D:3)
  2 vampires
  7 hogs (D:12)
  6 wyverns
  3 basilisks
  A steam dragon (D:12)
  53 yaks
  2 hungry ghosts (D:7)
  Menkaure (D:6)
  6 swamp worms (Lair:4)
  3 nagas (Lair:3)
  2 wargs (Orc:1)
  21 water moccasins
  Duvessa (D:6)
  13 porcupines
  10 orc warriors
  8 black bears
  A swamp drake (Lair:4)
  6 ice beasts
  2 sky beasts
  An eye of draining (D:10)
  5 ogres
  18 wolves
  6 centaurs
  12 crocodiles
  3 big kobolds
  20 bullfrogs
  A wyvern skeleton (D:12)
  7 scorpions
  Dowan (D:6)
  24 killer bees
  6 wights
  4 howler monkeys
  2 centaur zombies
  8 crimson imps
  A centaur skeleton (D:10)
  13 orc wizards
  3 hounds
  7 jellies
  4 orc priests (D:10)
  4 iguanas
  3 bullfrog skeletons
  7 hell rats (Lair:5)
  6 worker ants
  2 hound zombies
  A mummy (D:9)
  A worker ant zombie (D:9)
  19 adders
  3 gnolls (D:6)
  3 shadow imps
  A white imp (D:10)
  5 oozes (D:8)
  2 adder zombies (D:9)
  4 worms
  2 dart slugs
  6 leopard geckos
  56 orcs
  2 ball pythons (D:3)
  A giant cockroach (D:1)
  4 goblins
  4 hobgoblins
  19 kobolds
  4 quokkas
  4 bats
  6 frilled lizards
  A leopard gecko zombie (D:9)
  A quokka skeleton (D:6)
  A quokka zombie (D:9)
  8 rats
568 creatures vanquished.

Vanquished Creatures (others)
  32 fungi
  31 plants
63 creatures vanquished.

Grand Total: 631 creatures vanquished

Notes
Turn   | Place    | Note
-------+----------+-------------------------------------------
     0 | D:1      | Gerad the Tengu Air Elementalist began the quest for the Orb.
     0 | D:1      | Reached XP level 1. HP: 10/10 MP: 4/4
    75 | D:1      | Found a sparkling altar of Nemelex Xobeh.
   282 | D:1      | Reached XP level 2. HP: 14/15 MP: 6/6
   877 | D:2      | Reached XP level 3. HP: 19/19 MP: 3/7
   936 | D:2      | Learned a level 2 spell: Swiftness
   939 | D:2      | Learned a level 2 spell: Repel Missiles
  1076 | D:2      | Reached skill level 5 in Air Magic
  1300 | D:2      | Reached XP level 4. HP: 16/24 MP: 8/8
  1564 | D:3      | Noticed domi's ghost (amateur TeFE)
  1720 | D:3      | Killed domi's ghost
  1720 | D:3      | Reached skill level 5 in Conjurations
  1720 | D:3      | Gained mutation: You can fly. [Tengu growth]
  1720 | D:3      | Reached XP level 5. HP: 28/28 MP: 4/10
  1720 | D:3      | Reached XP level 6. HP: 32/32 MP: 4/11
  2028 | D:3      | Learned a level 3 spell: Static Discharge
  2872 | D:4      | Found a staircase to the Ecumenical Temple.
  2882 | Temple   | Entered the Ecumenical Temple
  3083 | Temple   | Became a worshipper of Ashenzari the Shackled
  3356 | D:4      | Reached skill level 1 in Fighting
  3653 | D:5      | Entered Level 5 of the Dungeon
  3657 | D:5      | Reached XP level 7. HP: 37/38 MP: 7/12
  3835 | D:5      | Found an iron altar of Okawaru.
  4153 | D:5      | Reached skill level 3 in Dodging
  4388 | D:5      | Found a radiant altar of Vehumet.
  4414 | D:5      | Reached XP level 8. HP: 43/45 MP: 7/13
  4473 | D:5      | Found Waewonoq's Weapon Shoppe.
  4679 | D:6      | Learned a level 5 spell: Lightning Bolt
  4784 | D:6      | Reached * piety under Ashenzari
  4794 | D:6      | Noticed Menkaure
  4805 | D:6      | Killed Menkaure
  5187 | D:6      | Reached skill level 4 in Dodging
  5201 | D:6      | Noticed Duvessa
  5201 | D:6      | Noticed Dowan
  5207 | D:6      | Killed Dowan
  5209 | D:6      | Killed Duvessa
  5422 | D:6      | Found a glowing golden altar of the Shining One.
  5621 | D:6      | Found a sparkling altar of Nemelex Xobeh.
  5626 | D:6      | Found a shimmering altar of Xom.
  5634 | D:6      | Found a burning altar of Makhleb.
  5696 | D:6      | Reached XP level 9. HP: 51/51 MP: 11/14
  6448 | D:6      | Found a hide-covered altar of Uskayaw.
  6584 | D:7      | Reached skill level 10 in Air Magic
  6628 | D:7      | Reached skill level 5 in Dodging
  6985 | D:7      | Noticed Joseph
  7369 | D:7      | Reached skill level 5 in Fighting
  7369 | D:7      | Reached skill level 6 in Dodging
  7735 | D:8      | Reached skill level 7 in Dodging
  7791 | D:8      | Found a glowing silver altar of Zin.
  8017 | D:8      | Found an ancient bone altar of Kikubaaqudgha.
  8077 | D:7      | Reached skill level 8 in Dodging
  8077 | D:7      | Reached XP level 10. HP: 27/60 MP: 11/15
  8598 | D:8      | Noticed a purple ugly thing
  8688 | D:8      | Reached skill level 9 in Dodging
  8762 | D:8      | Killed a purple ugly thing
  9184 | D:8      | Learned a level 2 spell: Blink
  9195 | D:8      | Reached ** piety under Ashenzari
  9215 | D:8      | Found a staircase to the Lair.
  9233 | D:8      | Reached skill level 1 in Long Blades
  9284 | D:8      | Identified the cursed +1 war axe of Trog's Righteous Fury {flame, +Inv rC+}
  9610 | D:9      | Reached skill level 10 in Dodging
  9823 | D:9      | Found a white marble altar of Elyvilon.
 10194 | D:9      | Found an opulent altar of Gozag.
 10278 | D:10     | Entered Level 10 of the Dungeon
 10537 | D:10     | Paralysed by a big kobold for 2 turns
 10786 | D:10     | Noticed an unseen horror
 10793 | D:10     | Killed an unseen horror
 10793 | D:10     | Reached XP level 11. HP: 46/68 MP: 4/16
 10947 | D:10     | Reached skill level 11 in Dodging
 11618 | D:10     | Found a staircase to the Orcish Mines.
 11800 | D:11     | Noticed a hill giant
 11971 | D:11     | Noticed a hill giant
 11988 | D:11     | Killed a hill giant
 11989 | D:11     | Reached skill level 12 in Dodging
 12079 | D:11     | Reached skill level 1 in Translocations
 12321 | D:11     | Found Emax's Armour Boutique.
 12412 | D:11     | Noticed Sonja
 12766 | Lair:1   | Entered Level 1 of the Lair of Beasts
 12836 | Lair:1   | Noticed a seven-headed hydra
 12856 | Lair:1   | Killed a seven-headed hydra
 13366 | Lair:1   | Noticed a six-headed hydra
 13377 | Lair:1   | Killed a six-headed hydra
 13567 | Lair:1   | Reached skill level 10 in Conjurations
 13567 | Lair:1   | Reached XP level 12. HP: 45/76 MP: 11/19
 13900 | Lair:1   | Reached *** piety under Ashenzari
 14001 | Lair:1   | Learned a level 1 spell: Apportation
 14009 | Lair:1   | Learned a level 1 spell: Summon Butterflies
 14374 | Lair:2   | Reached skill level 5 in Spellcasting
 14921 | Lair:2   | Reached skill level 10 in Fighting
 14930 | Lair:1   | Learned a level 3 spell: Conjure Flame
 15029 | Lair:2   | Noticed a seven-headed hydra
 15042 | Lair:2   | Killed a seven-headed hydra
 17064 | Lair:3   | Reached skill level 5 in Long Blades
 17583 | Lair:3   | Noticed a six-headed hydra
 17856 | Lair:3   | Noticed a seven-headed hydra
 17879 | Lair:3   | Reached XP level 13. HP: 32/84 MP: 4/21
 18258 | Lair:3   | Upgraded the game from 0.19-a0-1889-g9c603be to 0.19-a0-1895-g783e625
 19843 | Lair:3   | Found a staircase to the Shoals.
 19925 | Lair:3   | Found a staircase to the Snake Pit.
 20188 | Lair:4   | Reached skill level 13 in Dodging
 21810 | Lair:4   | Noticed Rupert
 23017 | Lair:5   | Reached **** piety under Ashenzari
 23735 | Lair:5   | Reached skill level 10 in Long Blades
 24555 | D:10     | Gained mutation: You can fly continuously. [Tengu growth]
 24555 | D:10     | Reached XP level 14. HP: 80/92 MP: 15/22
 24657 | D:11     | Reached skill level 1 in Armour
 24730 | D:11     | Found Henufeab's Weapon Boutique.
 24746 | D:11     | Killed Sonja
 25144 | D:12     | Found Noryor's Assorted Antiques.
 25152 | D:12     | Bought a scroll labeled XIUKUN ESEJ for 30 gold pieces
 25152 | D:12     | Bought a lumpy blue potion for 27 gold pieces
 25862 | D:12     | Noticed Kirke
 26499 | Orc:1    | Entered Level 1 of the Orcish Mines
 26512 | Orc:1    | Reached skill level 14 in Dodging
 26619 | Orc:2    | Entered Level 2 of the Orcish Mines
 29327 | Lair:5   | Identified the +9 flail of Defiance {flame, rElec Int+6}
 29727 | Lair:6   | Entered Level 6 of the Lair of Beasts
 30830 | Lair:6   | Reached skill level 5 in Armour
 30836 | Lair:6   | Killed from afar by a meliai

Vault maps used:
D:1:      dpeg_arrival_round_a, grunt_decor_fettered,
          nemelex_xobeh_ov_fountains_minmay
D:4:      first_bread, kennysheep_nub
D:5:      okawaru_gym_becter, vehumet_statue, serial_shops, kennysheep_mini
D:6:      minmay_overflow_temple_star_quad, kennysheep_mini_moat, basic_altar,
          grunt_ministairs_13, lightli_orcish_oven, uniq_duvessa, uniq_menkaure
D:7:      fountainhead, fountainhead, uniq_joseph
D:8:      minmay_bloctagon_deflated, old_standard_altar, lemuel_crystal_altar,
          lair_0_dummy, hangedman_little_slice_of_home
D:9:      overflow_temple_1_default, lemuel_doored_altar, serial_undead,
          serial_undead_a, serial_undead_f, serial_undead_e, serial_undead_c
D:10:     david_orc_4, minmay_fire_ice_demons
D:11:     serial_shops, shop, shop_coins, kennysheep_generic_room_9, uniq_sonja
D:12:     serial_shops, nicolae_shop_crystal, uniq_kirke
Temple:   minmay_temple_curvy_loop
Lair:1:   grunt_forest_large_clearings
Lair:2:   beast_lair_carwin_large_4, hangedman_lair_unloving_vines
Lair:3:   elwin_shoals_entry_stream, minmay_snake_entry_guardpost_small,
          infiniplex_staircase_pool, grunt_megastairs_3
Lair:4:   onia_ninara_swampy_vault, uniq_rupert
Lair:5:   minmay_guarded_unrand_snakebite, beast_lair_carwin_5
Lair:6:   gammafunk_lair_ancient_temple, dpeg_slime_entry_enclosed_altar,
          special_room
Orc:2:    grunt_orc_gardens, grunt_orc_garden, grunt_orc_garden,
          grunt_orc_garden, grunt_orc_garden, serial_shops,
          nicolae_shop_waterfront, david_defended_altar_orc

Skill      XL: |  1  2  3  4  5  6  7  8  9 10 11 12 13 14 |
---------------+-------------------------------------------+-----
Conjurations   | 2 3 5 7 8 9 10 12 | 12.0
Air Magic      | 5 6 7 9 10 | 10.0
Spellcasting   | 3 4 5 |  5.0
Fighting       | 1 2 3 5 7 9 11 12 | 12.9
Dodging        | 3 4 8 10 12 13 14 | 14.5
Long Blades    | 4 6 10 11 | 11.4
Translocations | 2 |  2.2
Armour         | 5 |  5.0
Stealth        | |  2.0

Action                   |  1- 3 |  4- 6 |  7- 9 | 10-12 | 13-15 || total
-------------------------+-------+-------+-------+-------+-------++-------
Melee: Mace              |    20 |    26 |       |       |       ||    46
       Kick              |     3 |     9 |    30 |   154 |   220 ||   416
       Peck              |       |     3 |    20 |    82 |   121 ||   226
       Falchion          |       |     6 |    82 |   373 |   532 ||   993
 Cast: Shock             |    25 |    80 |   197 |   350 |   228 ||   880
       Repel Missiles    |     1 |       |       |     2 |     2 ||     5
       Static Discharge  |       |     1 |    18 |   101 |   252 ||   372
       Lightning Bolt    |       |       |       |    18 |    29 ||    47
       Swiftness         |       |       |       |     1 |       ||     1
       Conjure Flame     |       |       |       |       |     4 ||     4
Invok: Curse Item        |       |       |     1 |       |       ||     1
 Abil: Fly               |       |     2 |     3 |    12 |     4 ||    21
Evoke: Wand              |       |       |       |     3 |       ||     3
  Use: Scroll            |       |     5 |     9 |     9 |    12 ||    35
       Potion            |       |       |     1 |     2 |     3 ||     6
 Stab: Sleeping          |     3 |     2 |     3 |     4 |     4 ||    16
       Distracted        |       |       |       |     1 |     2 ||     3
  Eat: Chunk             |     1 |     7 |    16 |    34 |    44 ||   102
       Royal jelly       |       |       |       |     3 |     2 ||     5
       Beef jerky        |       |       |       |     3 |     2 ||     5
       Fruit             |       |       |       |     6 |     8 ||    14
Armor: Robe              |     9 |     8 |    27 |    15 |       ||    59
       Skin              |       |       |       |    27 |       ||    27
       Leather armour    |       |       |       |    72 |    34 ||   106
       Swamp dragon scal |       |       |       |       |   106 ||   106
Dodge: Dodged            |    19 |    40 |   131 |   599 |   730 ||  1519
       Deflected         |       |     1 |     1 |     1 |    10 ||    13
       Rpst.: Falchion   |       |     2 |    41 |   165 |   186 ||   394
